Map: Xel'Naga Caverns

Players

UNCjer

  • Race: Protoss Protoss
  • Spawn Location: 1:00

A.I. 1 (Very Easy) - Winner!

  • Race: Protoss Protoss
  • Spawn Location: 7:00

VOD

Have the link to the VOD?

Description

Time

  • Played on: Oct. 22, 2018, 7:46 p.m.
  • Length: 4:20
Show
View Real Time Build Order
Export as new Build Order

UNCjer Protoss 

Build Orders:  

Get SALT Encoding   

  12  0:00  Probe  
  13  0:13  Probe  
  14  0:17  Pylon  
  14  0:25  Probe  
  15  0:36  Gateway  
  15  0:37  Probe  
  16  0:45  Assimilator  
  16  0:49  Probe  
  17  0:53  Assimilator  
  17  1:01  Probe  
  18  1:05  Pylon  
  18  1:13  Probe  
  19  1:23  Cybernetics Core  
  19  1:25  Probe  
  20  1:29  Zealot  
  22  1:37  Probe  
  23  1:49  Probe  
  24  1:56  Zealot  
  26  2:01  Probe  
  26  2:04  Stargate  
  27  2:09  Stargate  
  27  2:18  Pylon  
  27  2:19  Probe  
  28  2:26  Zealot  
  30  2:31  Probe  
  31  2:37  Pylon  
  31  2:41  Void Ray  
  31  2:56  Void Ray  
  39  3:13  Pylon  
  39  3:19  Void Ray  
  43  3:39  Pylon  
  47  4:13  Nexus  
Show
View Real Time Build Order
Export as new Build Order

A.I. 1 (Very Easy) Protoss - Winner!

Build Orders:  

Get SALT Encoding   

  12  0:00  Probe  
  13  0:13  Probe  
  14  0:20  Pylon  
  14  0:36  Assimilator  
  14  0:43  Gateway  
  14  0:46  Pylon  
  14  1:13  Assimilator  
  14  1:16  Probe  
  14  1:25  Probe  
  16  1:33  Probe  
  16  1:34  Cybernetics Core  
  17  1:43  Probe  
  18  1:54  Probe  
  18  2:00  Warp Gate  
  19  2:02  Probe  
  20  2:10  Stalker  
  22  4:07  Probe  
Tags
 
Matchup
PvP
Spawn Locations
Cross Positions
Add a new tag
Caveats
  • Supply blocks, unpowered buildings, or Contaminate may cause inaccurate times.
  • Supply counts are checked every 10 seconds.